AoeStats
← Ux'RaúlME

Arabia

509122461Analyzed
1v1 RM · 7d ago on Sep 25, 2026· 31m 0s· 2 players
Game mode
Random Map
Map size
Tiny (2 player)
Population
200
Speed
Normal
Resources
Standard
Victory
Conquest
Starting age
Dark Age
Ending age
Imperial Age
RankedLock teamsTeams togetherTeam positionsShared explorationLock speedFull tech treeHidden civsTurbo modeCheats
Victory
Defeat
🇲🇽 Varangians · Mexico
1358
+15
🇬🇧 Danes · United Kingdom
1336
-15
ButtStuff
2:57 Loom
6:26 Loom
9:28 Feudal Age
9:55 Man-at-Arms
12:35 Double-Bit Axe
23:04 Castle Age
21:23 Horse Collar
22:23 Gold Mining
23:46 Squires
24:37 Scale Mail Armor
25:35 Fletching
26:03 Chain Mail Armor
Ux'RaúlME
7:30 Loom
9:47 Feudal Age
10:23 Double-Bit Axe
17:25 Wheelbarrow
22:07 Castle Age
21:46 Bloodlines
22:53 Scale Barding Armor
25:22 Forging
25:54 Fletching
26:28 Padded Archer Armor
28:15 Husbandry
Connection lost

Rejoining the realm…

Still unreachable

The connection could not be restored.

Session expired

The server has moved on; the page needs a fresh start.